 Dungeon Crawl Stone Soup version 0.24-a0-769-g368c1644f8 (webtiles) character file.

Game seed: 17324287478784880252, levelgen mode: deterministic

168 MalarOregon the Conjurer (level 5, -1/38 HPs)
             Began as a Draconian Conjurer on Oct 6, 2019.
             Slain by Grinder (2 damage)
             ... while paralysed by Grinder
             ... on level 3 of the Dungeon.
             The game lasted 00:05:23 (2747 turns).

MalarOregon the Conjurer (Draconian Conjurer)       Turns: 2747, Time: 00:05:23

Health: -1/38      AC:  5    Str: 11    XL:     5   Next: 24%
Magic:  0/8        EV:  2    Int: 16    God:
Gold:   130        SH:  0    Dex: 11    Spells: 3/8 levels left

rFire    . . .     SeeInvis .   t - +1 short sword (venom)
rCold    . . .     Gourm    .   (no shield)
rNeg     . . .     Faith    .   (armour unavailable)
rPois    .         Spirit   .   (helmet restricted)
rElec    .         Reflect  .   (no cloak)
rCorr    .         Harm     .   (no gloves)
MR       .....                  (no boots)
Stlth    +.........             (no amulet)
HPRegen  0.12/turn              n - ring of attention (curse)
MPRegen  0.11/turn              (no ring)

@: paralysed
A: unfitting armour, cold-blooded, AC +5
a: no special abilities


You were on level 3 of the Dungeon.
You were not hungry.

You visited 1 branch of the dungeon, and saw 3 of its levels.

You collected 130 gold pieces.

Inventory:

Hand Weapons
 t - a +1 short sword of venom (weapon)
   (You took it off a kobold on level 3 of the Dungeon)
Missiles
 i - 35 poisoned darts (quivered)
Jewellery
 n - a cursed ring of attention (left hand)
   (You found it on level 2 of the Dungeon)
Scrolls
 a - 6 scrolls of identify {unknown}
 f - a scroll of amnesia
 g - 2 scrolls of magic mapping
 l - 2 scrolls of enchant armour {unknown}
 m - 2 scrolls of fear
 p - a scroll of random uselessness {unknown}
 q - a scroll of teleportation {unknown}
Potions
 b - 3 potions of brilliance {unknown}
 c - a potion of haste {unknown}
 d - 2 potions of flight {unknown}
 j - a potion of might {unknown}
 k - 3 potions of curing {unknown}
 o - a potion of resistance {unknown}
Comestibles
 e - 7 rations {!d}
 h - 9 chunks of flesh


   Skills:
 - Level 1.7 Dodging
 - Level 1.7 Stealth
 - Level 2.0 Spellcasting
 + Level 6.6 Conjurations


You had 3 spell levels left.
You knew the following spells:

 Your Spells              Type           Power        Failure   Level  Hunger
a - Magic Dart            Conj           ###.         1%          1    #......
x - Iskenderun's Mystic   Conj           ###.....     14%         4    #####..

Your spell library contained the following spells:

 Spells                   Type           Power        Failure   Level  Hunger
 Searing Ray              Conj           ###...       1%          2    ###....
 Dazzling Spray           Conj/Hex       ##....       16%         3    ###....
 Force Lance              Conj/Tloc      ##......     47%         4    #####..
 Fulminant Prism          Conj/Hex       ##........   47%         4    #####..


Dungeon Overview and Level Annotations

Branches:
Dungeon (3/15)

Altars:
Elyvilon
Ru

Annotations:
D:3 Grinder


Innate Abilities, Weirdness & Mutations

Your plain brown scales are hard. (AC +5)
You cannot fit into any form of body armour.
You are cold-blooded and may be slowed by cold attacks.


Message History

You throw an atropa-tipped dart. The atropa-tipped dart hits Grinder.
Grinder resists.
Grinder barely misses you.
Throwing (i - inventory. (/) - cycle)
r - an atropa-tipped dart (quivered)
Aim: Grinder (chance to blind on hit: 22%)
You throw an atropa-tipped dart. The atropa-tipped dart hits Grinder.
Grinder resists.
Grinder gestures at you. Pain shoots through your body!
* * * LOW HITPOINT WARNING * * *
Throwing (i - inventory)
i - 35 poisoned darts (quivered)
Aim: Grinder
Okay, then.
Aim: Grinder The orb of energy hits Grinder!!
The orb of energy explodes!
You are feeling hungry.
Grinder blinks!
Aim: Grinder (heavily wounded)
The orb of energy hits Grinder!
The orb of energy explodes!
Grinder blinks!
You are too injured to fight recklessly!
You see here 2 atropa-tipped darts.
r - 2 atropa-tipped darts Grinder blinks!
You start resting.
Eating one of 10 chunks of flesh.
You eat one of the 10 chunks of flesh.
Grinder is too close now for your liking.
Throwing (i - inventory. (/) - cycle)
r - 2 atropa-tipped darts (quivered)
Aim: Grinder (severely wounded, chance to blind on hit: 22%)
You throw an atropa-tipped dart.
The atropa-tipped dart barely misses Grinder.
Grinder gestures at you. You resist with significant effort.
Throwing (i - inventory. (/) - cycle)
r - an atropa-tipped dart (quivered)
Aim: Grinder (severely wounded, chance to blind on hit: 22%)
You throw an atropa-tipped dart.
The atropa-tipped dart barely misses Grinder.
Grinder says, "I used to sell toenails on the black market."
Aim: Grinder (severely wounded)
The magic dart hits Grinder.
You closely miss Grinder. Grinder gestures at you.
You suddenly lose the ability to move!
Grinder hits you!
* * * LOW HITPOINT WARNING * * *
Grinder hits you.
* * * LOW HITPOINT WARNING * * *
You writhe in agony.
* * * LOW HITPOINT WARNING * * *
Grinder hits you.
You die...

##......#.....
#.......#####.
#.#.....######
#####.#..)...##...
#.....#...>....>##
#####.###.######.#....
#.........# ###.#.#
#.####.......÷÷# #....
..........@5..#########...⌠
############...(...........
############...⌠ #....
#.#.# #.... #####


You could see Grinder.

Vanquished Creatures
  An orc wizard (D:2)
  Jessica (D:3)
  3 adders
  A worm (D:3)
  3 dart slugs (D:2)
  4 leopard geckos (D:2)
  A giant cockroach (D:1)
  10 goblins
  8 hobgoblins
  7 jackals
  2 quokkas (D:2)
  2 ball pythons
  10 bats
  4 frilled lizards
  10 kobolds
  6 rats
73 creatures vanquished.

Notes
Turn   | Place    | Note
-------+----------+-------------------------------------------
     0 | D:1      | MalarOregon the Draconian Conjurer began the quest for the
                  | Orb.
     0 | D:1      | Reached XP level 1. HP: 14/14 MP: 3/3
   196 | D:1      | Reached XP level 2. HP: 19/20 MP: 0/5
   910 | D:2      | Reached skill level 5 in Conjurations
   912 | D:2      | Reached XP level 3. HP: 15/26 MP: 6/6
  1779 | D:2      | Reached XP level 4. HP: 20/33 MP: 4/7
  1894 | D:2      | Learned a level 4 spell: Iskenderun's Mystic Blast
  2006 | D:2      | Reached skill level 6 in Conjurations
  2069 | D:2      | Found a sacrificial altar of Ru.
  2499 | D:3      | Noticed Jessica
  2502 | D:3      | Killed Jessica
  2502 | D:3      | Reached XP level 5. HP: 38/38 MP: 0/8
  2606 | D:3      | Found a white marble altar of Elyvilon.
  2725 | D:3      | Noticed Grinder
  2725 | D:3      | Paralysed by Grinder for 5 turns
  2744 | D:3      | Paralysed by Grinder for 7 turns
  2746 | D:3      | HP: 1/38 [Grinder (6)]
  2747 | D:3      | Slain by Grinder

Levels and vault maps discovered:
D:1:      onia_arrival_pyramid, layout_basic, minmay_domino_2
D:2:      minmay_door_path, layout_basic, first_ration, nicolae_ru_path_of_blood
D:3:      layout_rooms, elyvilon_altar_5, uniq_jessica, uniq_grinder

Skill      XL: |  1  2  3  4 |
---------------+-------------+-----
Conjurations   | 5 6 |  6.6
Dodging        | |  1.7
Stealth        | |  1.7
Spellcasting   | |  2.0

Action                   |  1- 3 |  4- 6 || total
-------------------------+-------+-------++-------
Melee: Unarmed           |     6 |       ||     6
       Dagger            |   140 |       ||   140
       Tailslap          |    14 |       ||    14
       Short sword       |       |    32 ||    32
Throw: Dart              |       |     4 ||     4
 Cast: Magic Dart        |    44 |    33 ||    77
       Iskenderun's Myst |       |     2 ||     2
  Use: Scroll            |     3 |       ||     3
 Stab: Sleeping          |     1 |       ||     1
  Eat: Chunk             |     4 |     4 ||     8
Armor: Skin              |    44 |    15 ||    59
Dodge: Dodged            |   109 |    34 ||   143

Table legend:
 A = Non-vault XP
 B = Vault XP
 C = Vault XP percentage of total XP
 D = Non-vault monster count
 E = Vault monster count
 F = Vault count percentage of total count
                 A         B        C        D         E       F
            +---------+---------+-------+---------+---------+-------
      Total |     195 |      46 |  19.1 |      67 |       6 |   8.2
            +---------+---------+-------+---------+---------+-------
        D:1 |      34 |       1 |   2.9 |      23 |       1 |   4.2
        D:2 |     120 |       8 |   6.2 |      27 |       4 |  12.9
        D:3 |      41 |      37 |  47.4 |      17 |       1 |   5.6
            +---------+---------+-------+---------+---------+-------
